 Dungeon Crawl Stone Soup version 0.28.0-53-g5a82cb258f (webtiles) character file.

Game seed: 10954153031694625856

23 clackabat the Poker (level 2, 24/24 HPs)
             Began as a Demonspawn Berserker on July 14, 2022.
             Was a Follower of Trog.
             Quit the game on level 1 of the Dungeon.
             The game lasted 00:02:04 (803 turns).

clackabat the Poker (Demonspawn Berserker)           Turns: 803, Time: 00:02:05

Health: 24/24      AC:  5    Str: 17    XL:     2   Next: 72%
Magic:  2/2        EV: 11    Int:  8    God:    Trog [*.....]
Gold:   19         SH:  0    Dex: 12    Spells: 1/1 levels left

rFire   . . .      SeeInvis .   a - +0 spear
rCold   . . .      Faith    .   (no shield)
rNeg    . . .      Spirit   .   c - +0 leather armour
rPois   .          Reflect  .   (no helmet)
rElec   .          Harm     .   (no cloak)
rCorr   .          Rampage  .   (no gloves)
Will    .....                   (no boots)
Stlth   +.........              (no amulet)
HPRegen 0.08/turn               (no ring)
MPRegen 0.08/turn               (no ring)

@: no status effects
A: thin metallic scales 1
a: Renounce Religion, Berserk


You were on level 1 of the Dungeon.
You worshipped Trog.
Trog was aware of your devotion.
You visited 1 branch of the dungeon, and saw 1 of its levels.

You collected 19 gold pieces.

Inventory:

Hand Weapons
 a - a +0 spear (weapon)
Armour
 b - a +0 animal skin
 c - a +0 leather armour (worn)
Jewellery
 d - a ring of resist corrosion
Potions
 e - a potion of heal wounds {unknown}


   Skills:
 + Level 3.3 Fighting
 * Level 3.4 Polearms
 - Level 1.7 Armour
 - Level 1.7 Dodging


You had one spell level left.
You didn't know any spells.
Your spell library was empty.

Dungeon Overview and Level Annotations

Branches:
Dungeon (1/15)

Altars:


Innate Abilities, Weirdness & Mutations

You are partially covered in thin metallic scales. (AC +2)


Message History

No target in view!
Things that are here:
a +0 club; a goblin corpse A kobold and a rat come into view.
Found a short sword.
The kobold shouts!
There are monsters nearby!
You reach to attack!
You hit the rat but do no damage. You closely miss the rat.
The rat closely misses you.
A quokka comes into view.
You closely miss the rat. The rat misses you.
You puncture the rat!
You kill the rat!
Trog accepts your kill.
You barely miss the kobold.
The kobold hits you with a +0 short sword.
You closely miss the kobold.
The kobold hits you with a +0 short sword.
You hit the kobold.
You kill the kobold!
Trog accepts your kill.
The quokka twitches its whiskers.
You hit the quokka.
The quokka is heavily wounded.
The quokka barely misses you.
You hit the quokka.
You kill the quokka!
Trog accepts your kill.
No target in view!
No target in view!
No target in view!
Items here: ( ) ††.
Found a cyan potion.
You see here a +0 short sword.
e - a cyan potion You see here a +0 short sword.
You open the door. You open the door.
Found 9 stones.
Are you sure you want to abandon this character and quit the game? (Confirm with "yes".)

.....................
####....##.#.#.#.#.#.
#....##.).....#... ##
#....####...#####. .(.
#...............#. ....
#.....####..###.##
...##.....##.....##.#
#.'.....##.##..##.##
#.#@....##.##..#....
#.#.....##.###.##### #.##'##.##.#
#...... #.##.##.##.####.#...
#.##.##.##.....)....
##############.##.##.#######.....
...)...........##....# #......#
#############.######## #.^....#
#................# #......#


There were no monsters in sight!

Vanquished Creatures
  A bat (D:1)
  2 endoplasms (D:1)
  2 giant cockroaches (D:1)
  2 goblins (D:1)
  A hobgoblin (D:1)
  A quokka (D:1)
  2 ball pythons (D:1)
  A frilled lizard (D:1)
  5 kobolds (D:1)
  3 rats (D:1)
20 creatures vanquished.

Notes
Turn   | Place    | Note
-------+----------+-------------------------------------------
     0 | D:1      | clackabat the Demonspawn Berserker began the quest for the
                  | Orb.
     0 | D:1      | Reached XP level 1. HP: 18/18 MP: 1/1
   299 | D:1      | Gained mutation: You are partially covered in thin metallic
                  | scales. (AC +2) [demonic ancestry]
   299 | D:1      | Reached XP level 2. HP: 18/24 MP: 2/2
   803 | D:1      | Quit the game

Illustrated notes

Levels and vault maps discovered:
D:1:      onia_arrival_handbag, layout_basic,
          shapermc_ecumenical_altar_hornbeckon, fountainhead

Skill      XL: |  1 |
---------------+----+-----
Polearms       | 3 |  3.4
Fighting       | |  3.3
Armour         | |  1.7
Dodging        | |  1.7

Action                   || total
-------------------------++-------
Melee: Spear             ||    70
       Punch             ||     1
 Stab: Sleeping          ||     2
Armor: Animal skin       ||     3
       Leather armour    ||     5
Dodge: Dodged            ||    16
